 Dungeon Crawl Stone Soup version 0.29-a0-284-gf9362112df (webtiles) character file.

Game seed: 12984515710756712870

833 enile the Skirmisher (level 7, -11/46 HPs)
             Began as a Gargoyle Wanderer on Mar 22, 2022.
             Was an Initiate of Yredelemnul.
             Engulfed by a cloud of flame (17 damage)
             ... on level 5 of the Dungeon.
             The game lasted 00:07:58 (4622 turns).

enile the Skirmisher (Gargoyle Wanderer)            Turns: 4622, Time: 00:07:58

Health: -11/46     AC: 15    Str: 18    XL:     7   Next: 98%
Magic:  7/7        EV:  3    Int: 10    God:    Yredelemnul [......]
Gold:   213        SH: 10    Dex: 11    Spells: 6/6 levels left

rFire   . . .      SeeInvis .   v - +5 flail (distort)
rCold   + . .      Faith    .   k - +1 kite shield
rNeg    + . .      Spirit   .   y - +0 plate armour
rPois   ∞          Reflect  .   (no helmet)
rElec   +          Harm     .   (no cloak)
rCorr   .          Rampage  .   (no gloves)
Will    .....                   (no boots)
Stlth   ..........              (no amulet)
HPRegen 0.15/turn               r - ring of protection from cold
MPRegen 0.10/turn               (no ring)

@: no status effects
A: sickness immunity, AC +4, negative energy resistance 1, electricity
resistance, torment resistance 1, petrification resistance
a: Renounce Religion, Recall Undead Harvest


You were on level 5 of the Dungeon.
You worshipped Yredelemnul.
Yredelemnul was noncommittal.
You visited 2 branches of the dungeon, and saw 6 of its levels.

You collected 213 gold pieces.

Inventory:

Hand Weapons
 a - a +2 hand axe
 b - a +0 mace
 v - a +5 flail of distortion (weapon)
Missiles
 h - 3 javelins (quivered)
 u - 9 boomerangs
Armour
 c - a +0 buckler
 e - a +0 leather armour
 k - a +1 kite shield (worn)
 m - a +1 scale mail of cold resistance
 y - a +0 plate armour (worn)
Jewellery
 r - a ring of protection from cold (left hand)
 A - a ring of wizardry
Wands
 d - a wand of flame (14)
 j - a wand of paralysis (7)
 l - a wand of iceblast (3)
Scrolls
 g - a scroll of enchant weapon
 i - 4 scrolls of identify {unknown}
Potions
 n - a potion of heal wounds
 o - a potion of resistance {unknown}
 p - a potion of mutation {unknown}
 w - a potion of cancellation {unknown}
 x - a potion of attraction {unknown}


   Skills:
 - Level 6.0 Fighting
 - Level 2.6(3.2) Axes
 - Level 3.0(3.6) Maces & Flails
 - Level 4.0 Throwing
 + Level 0.9 Armour
 - Level 1.0 Dodging
 - Level 5.0 Shields
 - Level 1.7 Evocations


You had 6 spell levels left.
You didn't know any spells.
Your spell library contained the following spells:

 Spells                   Type           Power      Damage    Failure   Level
 Freeze                   Ice            0%         1d3       100%        1
 Magic Dart               Conj           0%         1d3       100%        1
 Searing Ray              Conj           0%         2d4       100%        2
 Frozen Ramparts          Ice            0%         1d2       100%        3
 Gell's Gravitas          Tloc           0%         N/A       100%        3
 Lesser Beckoning         Tloc           0%         N/A       100%        3
 Teleport Other           Tloc           0%         N/A       100%        3
 Fulminant Prism          Conj/Hex       0%         3d6       100%        4
 Hailstorm                Conj/Ice       0%         3d3       100%        4


Dungeon Overview and Level Annotations

Branches:
Dungeon (5/15)             Temple (1/1) D:4

Altars:
Ashenzari
Cheibriados
Dithmenos
Elyvilon
Fedhas
Gozag
Hepliaklqana
Kikubaaqudgha
Nemelex Xobeh
Okawaru
Qazlal
Ru
Sif Muna
Trog
Uskayaw
Vehumet
Wu Jian
Xom
Yredelemnul
Zin
The Shining One


Innate Abilities, Weirdness & Mutations

You are immune to sickness and miasma.
Your stone body is resilient. (AC +4)
You are immune to poison.
You resist negative energy. (rN+)
You are resistant to electric shocks. (rElec)
You are resistant to unholy torment.
You are immune to petrification.


Message History

* * * LOW HITPOINT WARNING * * *
Reactivating autopickup.
Your orc priest zombie closely misses something.
You feel better.
Okay, then.
Found a scroll of immolation.
The shadow slips into darkness.
The shadow flickers and vanishes!
Deactivating autopickup; reactivate with Ctrl-A.
Press: ? - help, v - describe, . - travel The floor.
Search for what [Enter for "."]?
Okay, then.
As you read the scroll labelled HAPAJA OKHLAYF, it crumbles to dust.
You hear a loud clanging noise!
It was a scroll of noise.
The shadow strikes at you from the darkness!
* * * LOW HITPOINT WARNING * * *
Reactivating autopickup.
It was a potion of heal wounds.
You feel much better. You block the shadow's attack.
Your orc priest zombie hits the shadow.
Flame seeps out of the shadow.
Okay, then.
You sock the shadow!
Flame seeps out of the shadow.
Space warps around the shadow.
Flame seeps out of the shadow.
The shadow is heavily damaged.
The shadow is engulfed in blazing flames.
Flame seeps out of the shadow.
The shadow hits you.
Your orc priest zombie hits the shadow but does no damage.
You sock the shadow!
That felt strangely unrewarding.
The shadow explodes!
The fiery explosion engulfs something!!
That felt strangely unrewarding.
The fiery explosion engulfs you!!
Ouch! That really hurt!
* * * LOW HITPOINT WARNING * * *
The fiery explosion engulfs your orc priest zombie!!
Your orc priest zombie explodes!
The shadow explodes!
You are engulfed in blazing flames.
You die...
Your body rises from the dead as a mindless zombie.

######## #§§.Z..#
#°####.# #@#....#
## #.#.##.### #.
#........# ######.
###.##.#.###.)....
#?##...))).##...
#......######.#.
#.#.##.# #.#. #
#.##.# ....# ..
..# ....#


There were no monsters in sight!

Vanquished Creatures
  3 shadows (D:5)
  Edmund (D:4)
  A sky beast (D:4)
  A black bear (D:4)
  An ogre (D:4)
  A centaur (D:4)
  A scorpion (D:4)
  3 orc priests
  Ijyb (D:4)
  Terence (D:3)
  6 adders
  An ufetubus (D:4)
  An orc zombie (D:5)
  3 worms
  A dart slug (D:3)
  11 orcs
  6 endoplasms
  2 giant cockroaches
  6 goblins
  5 hobgoblins
  5 jackals
  4 kobolds
  2 quokkas (D:2)
  7 ball pythons
  6 bats
  5 frilled lizards
  8 rats
93 creatures vanquished.

Vanquished Creatures (others)
  2 orc zombies (D:5)
  3 withered plants (D:1)
5 creatures vanquished.

Grand Total: 98 creatures vanquished

Notes
Turn   | Place    | Note
-------+----------+-------------------------------------------
     0 | D:1      | enile the Gargoyle Wanderer began the quest for the Orb.
     0 | D:1      | enile set off with the following items: a +2 hand axe, a +0
                  | mace, a +0 buckler, a scroll of blinking, a +0 leather
                  | armour
     0 | D:1      | Reached XP level 1. HP: 10/10 MP: 1/1
    14 | D:1      | Reached skill level 1 in Fighting
   218 | D:1      | Reached XP level 2. HP: 8/17 MP: 2/2
   412 | D:1      | Reached skill level 2 in Fighting
   624 | D:1      | Reached XP level 3. HP: 20/22 MP: 3/3
   694 | D:1      | Found a faded altar of an unknown god.
   801 | D:1      | Prayed at the altar of an unknown god.
   801 | D:1      | Became a worshipper of Dithmenos the Shadowed
   801 | D:1      | Reached * piety under Dithmenos
  1074 | D:2      | Reached skill level 3 in Fighting
  1411 | D:2      | Reached XP level 4. HP: 25/29 MP: 4/4
  1572 | D:2      | Reached skill level 4 in Fighting
  2068 | D:3      | Reached ** piety under Dithmenos
  2361 | D:3      | Reached XP level 5. HP: 33/33 MP: 5/5
  2397 | D:3      | Noticed Terence
  2406 | D:3      | Killed Terence
  2618 | D:4      | Reached skill level 1 in Throwing
  2694 | D:4      | Noticed Edmund
  2706 | D:4      | Killed Edmund
  2707 | D:4      | Reached XP level 6. HP: 24/38 MP: 6/6
  3240 | D:4      | Noticed Ijyb
  3262 | D:4      | Reached XP level 7. HP: 28/43 MP: 3/7
  3270 | D:4      | Killed Ijyb
  3484 | D:4      | Reached skill level 5 in Fighting
  3540 | D:4      | Found a staircase to the Ecumenical Temple.
  3816 | D:4      | Reached skill level 6 in Fighting
  4097 | Temple   | Entered the Ecumenical Temple
  4340 | Temple   | Fell from the grace of Dithmenos
  4340 | Temple   | Became a worshipper of Yredelemnul the Dark
  4459 | D:5      | Entered Level 5 of the Dungeon
  4518 | D:5      | Reached * piety under Yredelemnul
  4529 | D:5      | Reached skill level 5 in Shields
  4608 | D:5      | Noticed a shadow
  4608 | D:5      | Noticed a shadow
  4608 | D:5      | Noticed a shadow
  4610 | D:5      | Killed a shadow
  4622 | D:5      | Killed a shadow
  4622 | D:5      | Killed a shadow
  4622 | D:5      | Engulfed by a cloud of flame

Illustrated notes

Levels and vault maps discovered:
D:1:      dpeg_arrival_pits, layout_basic, shapermc_ecumenical_altar_flowoftime,
          minmay_misc_feat_chi
D:2:      layout_basic
D:3:      layout_loops_ring, hangedman_decor_peaks_small, uniq_terence
D:4:      layout_loops_ring, minmay_temple_entry_metal_lava, uniq_ijyb,
          uniq_edmund
D:5:      layout_loops_cross, kennysheep_generic_room_10
Temple:   mainiacjoe_temple_hex_bubbles

Skill      XL: |  1  2  3  4  5  6  7 |
---------------+----------------------+-----
Fighting       | 1 2 3 4 6 |  6.0
Shields        | 2 4 5 |  5.0
Throwing       | 2 3 4 |  4.0
Axes           | |  2.6
Maces & Flails | |  3.0
Armour         | |  0.9
Dodging        | |  1.0
Evocations     | |  1.7

Action                   |  1- 3 |  4- 6 |  7- 9 || total
-------------------------+-------+-------+-------++-------
Melee: Hand axe          |    69 |    86 |       ||   155
       Flail             |       |    14 |    53 ||    67
Throw: Javelin           |       |    12 |     3 ||    15
       Boomerang         |       |       |     4 ||     4
Invok: Shadow Step       |       |     1 |       ||     1
Evoke: Wand              |       |     5 |     1 ||     6
  Use: Potion            |       |     2 |     2 ||     4
       Scroll            |       |     1 |     5 ||     6
 Stab: Paralysed         |       |     2 |       ||     2
Armor: Leather armour    |    28 |       |       ||    28
       Scale mail        |     4 |    52 |    17 ||    73
       Skin              |       |     1 |     3 ||     4
       Plate armour      |       |       |    17 ||    17
Dodge: Dodged            |    38 |    40 |     7 ||    85
Block: Buckler           |    10 |    28 |     2 ||    40
       Kite shield       |       |       |     6 ||     6

Table legend: (Time is in decaauts)
 A = Elapsed time spent in this place.
 B = Non-inter-level travel time spent in this place.
 C = Inter-level travel time spent in this place.
 D = Time resting spent in this place.
 E = Time spent auto-exploring this place.
 F = Levels seen in this place.
 G = Mean time per level.
                   A        B        C        D        E       F      G
               +--------+--------+--------+--------+--------+-----+--------+
         Total |   4678 |   4410 |    268 |    272 |   3442 |   6 |  779.7 |
       Dungeon |   4419 |   4182 |    237 |    272 |   3219 |   5 |  883.8 |
        Temple |    259 |    228 |     31 |      0 |    223 |   1 |  259.0 |
               +--------+--------+--------+--------+--------+-----+--------+

Top non-repeatable levels by time:
     D:4: 1295 daAuts
     D:1: 1059 daAuts
     D:3: 1021 daAuts
     D:2: 870 daAuts
  Temple: 259 daAuts
     D:5: 171 daAuts
